cohdb
Replays
Latest Replays
All Replays
Popular Replays
Top Player Replays
Match Explorer
How It Works
Community
CoH3 Stats
Reddit
Sign in to upload your games and track your stats! →
Sign in with Steam
Match 41488609
Unlisted
Match 41488609
Overview
Messages
Build Orders
End
Royal Engineer Section
Royal Engineer Section
Construct Section Command Post
Infantry Section
Infantry Section
Construct Platoon Command Post
Construct Field Infirmary
Infantry Section
Humber Armored Car
Infantry Training
Grenade Package
Selects Canadian Shock Battlegroup
Selects Attacking Spirit
Selects Offensive Resupply
Selects Canadian Shock Section
Selects Incendiary Munitions
6-pounder Anti-tank Gun Team
Selects Pyrotechnics
Construct Company Command Post
Matilda II Heavy Tank
Null
tsikau
0
0
Comments
sign in to comment!
No comments posted yet!